[Event "ICC tourney 2753 (45 5)"]
[Site "Internet Chess Club"]
[Date "2021.12.04"]
[Round "3"]
[White "THAIN, JACK:jt1819"]
[Black "OPASKA, MICHAEL:mopaska1106"]
[Result "0-1"]
[ICCResult "White resigns"]
[WhiteElo "1694"]
[BlackElo "1856"]
[Opening "Dutch"]
[ECO "A80"]
[NIC "HD.12"]
[Time "15:30:20"]
[PlyCount "68"]
[TimeControl "2700+5"]

1. d4 f5 2. Nc3 Nf6 3. Bf4 g6 4. e3 Bg7 5. h4 h6 6. Nf3 d6 7. Bd3 Nc6 8. a3
O-O 9. d5 Nb8 10. Bc4 Kh8 11. Qd2 c6 12. O-O-O b5 13. Ba2 a5 14. dxc6 b4 15.
Nb5 bxa3 16. Nxa3 Nxc6 17. Nd4 Nb4 18. Be6 Ba6 19. f3 Qb6 20. g4 Rab8 21. c4
fxg4 22. Nab5 gxf3 23. h5 Ne4 24. Qh2 g5 25. Bf5 Rxf5 26. Nxf5 Bxb5 27. Nxg7
Bxc4 28. Be5 Na2+ 29. Kb1 Nac3+ 30. Kc1 Ne2+ 31. Kb1 N4c3+ 32. Bxc3 Nxc3+
33. Kc1 Ne2+ 34. Kd2 Qb4+ {White resigns} 0-1

[Event "ICC tourney 2753 (45 5)"]
[Site "Internet Chess Club"]
[Date "2021.12.04"]
[Round "3"]
[White "BRUDNO, STEPHEN:StevChess01"]
[Black "Sun, Nathan Haojia:nathansun123"]
[Result "1/2-1/2"]
[ICCResult "Game drawn because neither player has mating material"]
[WhiteElo "1478"]
[BlackElo "1157"]
[Opening "Neo-Grünfeld defense"]
[ECO "D70"]
[NIC "KI.80"]
[Time "15:30:16"]
[PlyCount "221"]
[TimeControl "2700+5"]

1. d4 Nf6 2. c4 g6 3. f3 d5 4. cxd5 Nxd5 5. e4 Nf6 6. Nc3 Bg7 7. Be3 O-O 8.
Qd2 Nc6 9. Rd1 e6 10. Nge2 Re8 11. Ng3 a6 12. Bg5 h6 13. Be3 h5 14. h4 Qe7
15. Be2 e5 16. d5 Nd8 17. a3 c6 18. Bc4 cxd5 19. Nxd5 Nxd5 20. Bxd5 Be6 21.
Ne2 Bxd5 22. Qxd5 Nc6 23. Qd7 Rad8 24. Qxe7 Rxd1+ 25. Kxd1 Rxe7 26. Kc1 Rd7
27. Rd1 Rxd1+ 28. Kxd1 Kf8 29. Kd2 Ke8 30. Kd3 f5 31. Nc3 f4 32. Bb6 Bf6 33.
Bf2 b5 34. Nd5 Bd8 35. b3 Ne7 36. Nc3 Kd7 37. a4 b4 38. Nd1 a5 39. Nb2 Bc7
40. Nc4 Nc6 41. Nb6+ Kd6 42. Nd5 Bd8 43. Kc4 Nb8 44. Bc5+ Kd7 45. Bb6 Bxb6
46. Nxb6+ Kc6 47. Nd5 Nd7 48. Ne7+ Kb6 49. Nxg6 Kc6 50. Ne7+ Kd6 51. Nd5 Kc6
52. Kd3 Kc5 53. Ne7 Kd6 54. Nf5+ Kc5 55. g3 fxg3 56. Nxg3 Nf6 57. Ne2 Nd7
58. Ke3 Kd6 59. f4 Ke6 60. f5+ Kd6 61. Ng3 Nf6 62. Kd3 Kc5 63. Nf1 Nd7 64.
Nd2 Kb6 65. Kc4 Kc6 66. Kd3 Kc5 67. Nc4 Kc6 68. Nxa5+ Kb6 69. Nc4+ Kc5 70.
Ke3 Kc6 71. Nd2 Kc5 72. Nf3 Kc6 73. Kd3 Kc5 74. Ng5 Kc6 75. Kc2 Kc5 76. Ne6+
Kd6 77. Ng5 Kc5 78. Nf3 Kd6 79. Nd2 Kc5 80. Kd3 Nf6 81. Nc4 Nd7 82. Ke3 Kc6
83. a5 Kb5 84. Kd3 Ka6 85. Kc2 Kb5 86. Kd2 Ka6 87. Ke2 Kb5 88. Kf2 Ka6 89.
Kf3 Kb5 90. Ke3 Ka6 91. Kd3 Kb5 92. Nb6 Nc5+ 93. Ke3 Nxb3 94. f6 Nc5 95. f7
Ne6 96. Nd7 Kxa5 97. f8=Q Nxf8 98. Nxf8 Ka4 99. Kd2 b3 100. Kc1 Kb4 101. Kb2
Kc4 102. Ng6 Kd4 103. Kxb3 Kxe4 104. Kc3 Kf5 105. Ne7+ Kg4 106. Kd3 Kxh4
107. Ke3 Kg3 108. Nf5+ Kg4 109. Ke4 h4 110. Nxh4 Kxh4 111. Kxe5
{Game drawn because neither player has mating material}
1/2-1/2

[Event "ICC tourney 2753 (45 5)"]
[Site "Internet Chess Club"]
[Date "2021.12.04"]
[Round "3"]
[White "Mason, Mike W:MikeWMason"]
[Black "FURMAN, MIKHAIL:mfurm"]
[Result "0-1"]
[ICCResult "White resigns"]
[WhiteElo "1604"]
[BlackElo "1711"]
[Opening "Sicilian: Smith-Morra gambit"]
[ECO "B21"]
[NIC "SI.48"]
[Time "15:30:22"]
[PlyCount "74"]
[TimeControl "2700+5"]

1. e4 c5 2. d4 cxd4 3. c3 d5 4. Qxd4 dxe4 5. Qxe4 Nf6 6. Bb5+ Nbd7 7. Qe2 e6
8. Nf3 Be7 9. O-O O-O 10. Rd1 Qc7 11. h3 Nc5 12. Be3 Nd5 13. Nbd2 a6 14. Bd3
Nxd3 15. Qxd3 Nxe3 16. Qxe3 Bc5 17. Qe5 Bd6 18. Qe2 Be7 19. Ne4 b6 20. Rd2
Bb7 21. Rad1 Bd5 22. Ng3 Rad8 23. a3 Bc5 24. Ne4 Be7 25. Ng3 b5 26. Nd4 Bg5
27. Ndf5 Bxd2 28. Nxg7 Bc4 29. Qg4 Kh8 30. N3h5 f5 31. Qh4 h6 32. Ne8 Bg5
33. Rxd8 Qxd8 34. Qg3 Qd1+ 35. Kh2 f4 36. Qg4 Qxg4 37. hxg4 Rxe8 {White
resigns} 0-1

[Event "ICC tourney 2753 (45 5)"]
[Site "Internet Chess Club"]
[Date "2021.12.04"]
[Round "3"]
[White "VISHWA, SUSHEEL:sushivishwa"]
[Black "GU, MINGHAO:mancogu"]
[Result "0-1"]
[ICCResult "White checkmated"]
[WhiteElo "1746"]
[BlackElo "1654"]
[Opening "Sicilian: closed"]
[ECO "B23"]
[NIC "SI.44"]
[Time "15:30:14"]
[PlyCount "156"]
[TimeControl "2700+5"]

1. e4 c5 2. Nc3 d6 3. d4 cxd4 4. Qxd4 Nc6 5. Qd2 Nf6 6. b3 e6 7. Bb2 Be7 8.
O-O-O a6 9. Kb1 O-O 10. f3 b5 11. g4 Bb7 12. Bg2 b4 13. Na4 Nd7 14. Ne2 Nb6
15. Nxb6 Qxb6 16. Nd4 a5 17. f4 a4 18. g5 axb3 19. cxb3 Qa5 20. Ba1 Nxd4 21.
Bxd4 Ra6 22. Rc1 Rfa8 23. Rc2 d5 24. e5 Rc6 25. Rhc1 Rac8 26. Bf1 Rxc2 27.
Rxc2 Rxc2 28. Qxc2 Ba6 29. Bd3 Bxd3 30. Qxd3 Qc7 31. Qb5 g6 32. Qe8+ Kg7 33.
Qb5 Kg8 34. Qd3 Kg7 35. h4 Qc6 36. Qe2 Bd8 37. h5 gxh5 38. Qxh5 Qb5 39. Qd1
Bb6 40. Bb2 Qc5 41. Bc1 Qc3 42. Bb2 Qe3 43. Bc1 Qe4+ 44. Qc2 Qh1 45. Qd3 Bf2
46. Kc2 d4 47. Bd2 Qa8 48. Kb2 Qg2 49. Qe2 Qg3 50. Bxb4 Qxf4 51. Bd2 Be3 52.
Bxe3 dxe3 53. Kc2 Qxg5 54. Kd3 Qxe5 55. Qxe3 Qxe3+ 56. Kxe3 Kf6 57. Ke4 Ke7
58. a4 Kd6 59. b4 Kc6 60. Ke5 h5 61. Kf4 f6 62. b5+ Kb6 63. Ke4 f5+ 64. Kf4
h4 65. Kf3 e5 66. Ke3 f4+ 67. Kf3 h3 68. Kf2 e4 69. Ke2 f3+ 70. Kf2 h2 71.
a5+ Kxa5 72. b6 Kxb6 73. Kg3 h1=Q 74. Kg4 f2 75. Kg3 f1=R 76. Kg4 Qf3+ 77.
Kh4 Qg2 78. Kh5 Rh1# {White checkmated} 0-1

[Event "ICC tourney 2753 (45 5)"]
[Site "Internet Chess Club"]
[Date "2021.12.04"]
[Round "3"]
[White "GEVORGYAN, DAVIT:Davo29"]
[Black "MAZUMDAR, SHAURYA:raremystery"]
[Result "1-0"]
[ICCResult "Black checkmated"]
[WhiteElo "1573"]
[BlackElo "1682"]
[Opening "Ruy Lopez: Berlin defense, open variation"]
[ECO "C67"]
[NIC "RL.07"]
[Time "15:30:18"]
[PlyCount "173"]
[TimeControl "2700+5"]

1. e4 e5 2. Nf3 Nc6 3. Bb5 Nf6 4. O-O Nxe4 5. Re1 Nd6 6. Bxc6 dxc6 7. Nxe5
Be7 8. Nc3 O-O 9. d3 Bf6 10. Bf4 Re8 11. Qd2 Bf5 12. Nf3 Qd7 13. Bg5 Bxg5
14. Nxg5 f6 15. Nf3 Rad8 16. Rxe8+ Rxe8 17. Re1 Rxe1+ 18. Qxe1 Kf7 19. Qe3
a6 20. Nd2 Nb5 21. Nxb5 cxb5 22. Nf3 Qd5 23. h3 Qxa2 24. Qf4 Bd7 25. Qxc7
Qd5 26. Qf4 Bc6 27. Qd4 Qf5 28. Qd6 Bxf3 29. gxf3 Qxf3 30. Qd7+ Kg6 31. d4
Qc6 32. Qg4+ Kf7 33. Qh5+ Kg8 34. d5 Qd7 35. d6 Qxd6 36. Qe8+ Qf8 37. Qd7
Qa8 38. b4 Kh8 39. Qc7 h6 40. c3 Qe8 41. Qxb7 Qe1+ 42. Kg2 Qxc3 43. Qa8+ Kh7
44. Qe4+ Kg8 45. Qe8+ Kh7 46. Qe4+ f5 47. Qxf5+ g6 48. Qf7+ Qg7 49. Qe6 Qb7+
50. Kg1 h5 51. Qd6 Qa7 52. Qd8 Qg7 53. Qd6 Qa1+ 54. Kg2 Qe1 55. Qf4 Qe6 56.
Qc7+ Kh6 57. Qf4+ g5 58. Qd4 Qc6+ 59. Kh2 Kg6 60. Qe5 Qf6 61. Qe4+ Qf5 62.
Qe8+ Qf7 63. Qc6+ Qf6 64. Qe4+ Kg7 65. Kg2 Qf4 66. Qxf4 gxf4 67. Kf3 Kg6 68.
Kxf4 Kf6 69. f3 h4 70. Ke4 Ke6 71. f4 Kf6 72. f5 Kg5 73. Ke5 a5 74. bxa5 b4
75. Kd4 Kxf5 76. a6 b3 77. Kc3 Kf4 78. a7 Kg3 79. a8=Q Kxh3 80. Qh1+ Kg3 81.
Kxb3 h3 82. Kc3 h2 83. Kd3 Kh3 84. Ke2 Kg3 85. Ke3 Kh3 86. Kf4 Kh4 87. Qxh2#
{Black checkmated}
1-0

[Event "ICC tourney 2753 (45 5)"]
[Site "Internet Chess Club"]
[Date "2021.12.04"]
[Round "4"]
[White "HE, EDEN:edenhe"]
[Black "CAO, DANIEL:danielcao"]
[Result "1-0"]
[ICCResult "Black checkmated"]
[WhiteElo "1480"]
[BlackElo "1271"]
[Opening "Sicilian: dragon, Yugoslav attack, 9.Bc4"]
[ECO "B77"]
[NIC "SI.18"]
[Time "17:45:40"]
[PlyCount "49"]
[TimeControl "2700+5"]

1. e4 c5 2. Nf3 Nc6 3. Nc3 d6 4. d4 cxd4 5. Nxd4 Nf6 6. Be3 g6 7. Bc4 Bg7 8.
f3 O-O 9. Qd2 Ne5 10. Bb3 Nc6 11. O-O-O a6 12. g4 Bd7 13. h4 b5 14. h5 Nxd4
15. Bxd4 a5 16. hxg6 hxg6 17. Nd5 a4 18. Nxf6+ exf6 19. Qh2 Re8 20. Qh7+ Kf8
21. Bd5 Rc8 22. g5 Qe7 23. gxf6 Bxf6 24. Qh8+ Bxh8 25. Rxh8# {Black
checkmated} 1-0

[Event "ICC tourney 2753 (45 5)"]
[Site "Internet Chess Club"]
[Date "2021.12.04"]
[Round "4"]
[White "STINSON, RUSSELL:rcstinson"]
[Black "Singh, Jai  Prakash:jps7"]
[Result "0-1"]
[ICCResult "White resigns"]
[WhiteElo "1387"]
[BlackElo "1700"]
[Opening "French: Tarrasch, closed variation, main line"]
[ECO "C05"]
[NIC "FR.17"]
[Time "17:45:39"]
[PlyCount "84"]
[TimeControl "2700+5"]

1. e4 e6 2. d4 d5 3. Nd2 Nf6 4. e5 Nfd7 5. Bd3 c5 6. c3 cxd4 7. cxd4 Nc6 8.
Ne2 Qb6 9. Nf3 Bb4+ 10. Bd2 O-O 11. O-O f5 12. exf6 Nxf6 13. Bg5 Bd7 14. a3
Bd6 15. Bxf6 Rxf6 16. Qc2 g6 17. h4 Rc8 18. Qb1 e5 19. dxe5 Nxe5 20. Nxe5
Bxe5 21. h5 Bf5 22. Bxf5 Rxf5 23. hxg6 hxg6 24. g4 Rg5 25. Qd3 Rxg4+ 26. Kh1
Kg7 27. Ng3 Rh8+ 28. Kg2 Qc6 29. Qf3 Rf4 30. Rac1 Rxf3 31. Rxc6 Rxg3+ 32.
fxg3 bxc6 33. b3 Rf8 34. Rc1 Rf6 35. b4 Rd6 36. b5 cxb5 37. Rc7+ Kf6 38.
Rxa7 d4 39. Rb7 d3 40. Rxb5 d2 41. Rb1 d1=Q 42. Rxd1 Rxd1 {White resigns}
0-1

[Event "ICC tourney 2753 (45 5)"]
[Site "Internet Chess Club"]
[Date "2021.12.04"]
[Round "4"]
[White "GEVORGYAN, DAVIT:Davo29"]
[Black "THAIN, JACK:jt1819"]
[Result "1-0"]
[ICCResult "Black resigns"]
[WhiteElo "1573"]
[BlackElo "1694"]
[Opening "Caro-Kann: exchange variation"]
[ECO "B13"]
[NIC "CK.02"]
[Time "17:45:37"]
[PlyCount "97"]
[TimeControl "2700+5"]

1. e4 c6 2. d4 d5 3. exd5 cxd5 4. Bd3 Nc6 5. c3 Qc7 6. Bg5 Nf6 7. Nd2 Bg4 8.
Qb3 e6 9. Ngf3 Be7 10. O-O O-O 11. Bh4 Rab8 12. a4 a6 13. Qc2 g6 14. h3 Bxf3
15. Nxf3 Rfc8 16. Ne5 Nxd4 17. cxd4 Qxc2 18. Bxc2 Rxc2 19. Bxf6 Bxf6 20. Nd7
Bxd4 21. Nxb8 Bxb2 22. Rab1 d4 23. Rfd1 b5 24. a5 e5 25. Nxa6 Bc3 26. Nb4
Bxb4 27. Rxb4 f6 28. Rxb5 Ra2 29. f3 Kf7 30. Rb7+ Ke6 31. Rxh7 Rxa5 32. Rd2
f5 33. Kf2 Rd5 34. Rg7 Kf6 35. Ra7 e4 36. fxe4 fxe4 37. Ke2 Ke5 38. g4 Kf4
39. Rf7+ Kg3 40. Re7 Kf4 41. Rd1 d3+ 42. Kd2 Rd4 43. Rf1+ Kg3 44. Ke3 Kg2
45. Kxd4 Kxf1 46. Kxe4 d2 47. Rd7 Ke1 48. h4 d1=Q 49. Rxd1+ {Black resigns}
1-0

[Event "ICC tourney 2753 (45 5)"]
[Site "Internet Chess Club"]
[Date "2021.12.04"]
[Round "4"]
[White "SHAH-GUSTAFSSON, LINNEA:Saga44"]
[Black "DOBBS, CAMPBELL AUGUSTUS:campbelldobbs"]
[Result "1/2-1/2"]
[ICCResult "Game drawn by mutual agreement"]
[WhiteElo "995"]
[BlackElo "1680"]
[Opening "Ruy Lopez: Berlin defense, open variation"]
[ECO "C67"]
[NIC "RL.07"]
[Time "17:46:31"]
[PlyCount "115"]
[TimeControl "2700+5"]

1. e4 e5 2. Nf3 Nc6 3. Bb5 Nf6 4. O-O Nxe4 5. Re1 Nd6 6. Bxc6 dxc6 7. Nxe5
Be7 8. d4 O-O 9. Nc3 Bf6 10. Bf4 Be6 11. Qd2 Nc4 12. Nxc4 Bxc4 13. Rad1 Qd7
14. Be5 Bxe5 15. dxe5 Qxd2 16. Rxd2 Rad8 17. Red1 Rxd2 18. Rxd2 f6 19. exf6
Rxf6 20. Rd7 Rf7 21. Rd2 Re7 22. Rd1 Kf7 23. h3 Re5 24. Rd7+ Re7 25. Rd1 b5
26. a3 a5 27. f3 a4 28. Ne4 h6 29. Kf2 Bd5 30. Re1 Bxe4 31. fxe4 Ke6 32. Ke3
Ke5 33. g3 Rd7 34. Rf1 g6 35. g4 Rd4 36. Rf4 c5 37. h4 Rc4 38. c3 Ke6 39. g5
hxg5 40. hxg5 Ke5 41. Rf7 Rxe4+ 42. Kf3 Rh4 43. Rxc7 Rc4 44. Rf7 b4 45. axb4
cxb4 46. cxb4 Rxb4 47. Ra7 Rb5 48. Rxa4 Kf5 49. b4 Rb6 50. Ra5+ Ke6 51. b5
Kf5 52. Kg3 Kxg5 53. Kg2 Kf5 54. Kf3 g5 55. Kg3 Rb8 56. b6+ Kf6 57. Rb5 Rb7
58. Kg4 {Game drawn by mutual agreement} 1/2-1/2

[Event "ICC tourney 2753 (45 5)"]
[Site "Internet Chess Club"]
[Date "2021.12.04"]
[Round "4"]
[White "MEHTA, DHAIRYA MITUL:Chesschamp27"]
[Black "VISHWA, SUSHEEL:sushivishwa"]
[Result "0-1"]
[ICCResult "White resigns"]
[WhiteElo "1446"]
[BlackElo "1746"]
[Opening "Vienna gambit"]
[ECO "C29"]
[NIC "VG.03"]
[Time "17:45:40"]
[PlyCount "74"]
[TimeControl "2700+5"]

1. e4 e5 2. Nc3 Nf6 3. f4 d5 4. fxe5 Nxe4 5. d3 Nxc3 6. bxc3 d4 7. Nf3 Nc6
8. cxd4 Bg4 9. c3 Be7 10. g3 O-O 11. Bg2 Kh8 12. O-O f6 13. exf6 Bxf6 14.
Ba3 Re8 15. Rb1 Rb8 16. h3 Be6 17. Rb2 Qd7 18. Kh2 Ne7 19. Nd2 Nd5 20. Qc1
Ne3 21. Rf2 Nxg2 22. Kxg2 Bxh3+ 23. Kh2 Bg5 24. Qd1 Bg4 25. Qf1 Qc6 26. Nc4
Qh6+ 27. Kg1 Bh3 28. Qd1 b5 29. Ne5 Rxe5 30. dxe5 Be3 31. Qf3 Be6 32. Kg2
Rd8 33. Be7 Qh3+ 34. Kg1 Bd5 35. Qxd5 Rxd5 36. Bg5 Rxd3 37. Bxe3 Rd1+
{White resigns}
0-1

[Event "ICC tourney 2753 (45 5)"]
[Site "Internet Chess Club"]
[Date "2021.12.04"]
[Round "4"]
[White "TREUSDELL, ROSS G:IveDoneEnough"]
[Black "SKARIAH, ANUSHKA ELIZABETH:kskariah"]
[Result "1-0"]
[ICCResult "Black checkmated"]
[WhiteElo "1775"]
[BlackElo "1536"]
[Opening "French: Tarrasch, closed variation"]
[ECO "C05"]
[NIC "FR.17"]
[Time "17:45:50"]
[PlyCount "93"]
[TimeControl "2700+5"]

1. e4 e6 2. d4 d5 3. Nd2 Nf6 4. e5 Nfd7 5. Bd3 c5 6. c3 Nc6 7. Ne2 f6 8.
exf6 Nxf6 9. O-O Bd6 10. Nf3 O-O 11. Bg5 Ne7 12. Ng3 Qc7 13. Bc2 Nf5 14.
Nxf5 exf5 15. dxc5 Qxc5 16. Bxf6 Rxf6 17. Re1 Bd7 18. Bb3 Bc6 19. Qd3 Rd8
20. Nd4 Bd7 21. Qf3 Bc8 22. Bxd5+ Kh8 23. Bxb7 Bxb7 24. Qxb7 Rb8 25. Qd7 Be5
26. Ne6 Rxe6 27. Qxe6 Bd6 28. Rad1 Rd8 29. Rxd6 Rg8 30. Rd5 Qb6 31. Qxb6
axb6 32. Rxf5 h6 33. Rfe5 Kh7 34. Re8 Rxe8 35. Rxe8 b5 36. Rb8 b4 37. Rxb4
h5 38. a4 g6 39. a5 Kh6 40. a6 g5 41. a7 h4 42. a8=Q Kh5 43. Qf3+ Kg6 44.
Rb6+ Kg7 45. Qc6 Kf7 46. Qc7+ Ke8 47. Rb8# {Black checkmated} 1-0

[Event "ICC tourney 2753 (45 5)"]
[Site "Internet Chess Club"]
[Date "2021.12.04"]
[Round "4"]
[White "OPASKA, MICHAEL:mopaska1106"]
[Black "VENKATESH, NARAYAN:narayan0811"]
[Result "1-0"]
[ICCResult "Black resigns"]
[WhiteElo "1856"]
[BlackElo "1673"]
[Opening "Grünfeld: exchange, classical variation"]
[ECO "D86"]
[NIC "GI.05"]
[Time "17:46:20"]
[PlyCount "48"]
[TimeControl "2700+5"]

1. d4 Nf6 2. c4 g6 3. Nc3 d5 4. cxd5 Nxd5 5. e4 Nxc3 6. bxc3 Bg7 7. Bc4 c5
8. Ne2 Nc6 9. Be3 O-O 10. h4 Qc7 11. Rc1 Na5 12. Bd3 c4 13. Bc2 b5 14. h5
Nc6 15. Qd2 Rd8 16. Bh6 Bh8 17. hxg6 fxg6 18. Qe3 Qa5 19. O-O b4 20. e5 Be6
21. f4 Bg4 22. f5 Bxe2 23. Qxe2 Rac8 24. fxg6 Bg7 {Black resigns} 1-0

[Event "ICC tourney 2753 (45 5)"]
[Site "Internet Chess Club"]
[Date "2021.12.04"]
[Round "4"]
[White "Anh, Phuc:Phucanhfananime"]
[Black "PU, LANDON:landonp"]
[Result "1-0"]
[ICCResult "Black checkmated"]
[WhiteElo "1743"]
[BlackElo "1610"]
[Opening "Grünfeld with Bf4 & e3"]
[ECO "D93"]
[NIC "QP.07"]
[Time "17:45:35"]
[PlyCount "63"]
[TimeControl "2700+5"]

1. d4 Nf6 2. Bf4 g6 3. e3 Bg7 4. Nf3 O-O 5. c4 d5 6. Nc3 c5 7. dxc5 Qa5 8.
Nd2 dxc4 9. Bxc4 Qxc5 10. Qe2 Nc6 11. Nb3 Qb6 12. O-O Bf5 13. h3 a6 14. Rfd1
Rfd8 15. e4 Be6 16. Bxe6 fxe6 17. Qc4 Kf7 18. Be3 Qc7 19. Nc5 Rxd1+ 20. Rxd1
Nd8 21. Qb3 b6 22. Rxd8 Qxd8 23. Nxe6 Qd6 24. Nc7+ Kf8 25. Nxa8 b5 26. a3
Nd7 27. Qd5 Qb8 28. Qxd7 Qxa8 29. Nd5 Qe8 30. Qe6 Bxb2 31. Bg5 Bxa3 32. Bh6#
{Black checkmated}
1-0

[Event "ICC tourney 2753 (45 5)"]
[Site "Internet Chess Club"]
[Date "2021.12.04"]
[Round "4"]
[White "Sun, Nathan Haojia:nathansun123"]
[Black "JIMENEZ, LUIS A:eltuna"]
[Result "0-1"]
[ICCResult "White resigns"]
[WhiteElo "1157"]
[BlackElo "1575"]
[Opening "Caro-Kann: Forgács variation"]
[ECO "B15"]
[NIC "CK.06"]
[Time "17:45:41"]
[PlyCount "64"]
[TimeControl "2700+5"]

1. e4 c6 2. d4 d5 3. Nc3 dxe4 4. Nxe4 Nf6 5. Nxf6+ exf6 6. Bc4 Be6 7. Qe2
Qd6 8. Nf3 Be7 9. Bd3 O-O 10. O-O c5 11. dxc5 Qxc5 12. Qe4 g6 13. Re1 Nc6
14. Be3 Qb4 15. Qxb4 Nxb4 16. a3 Nxd3 17. cxd3 Rfd8 18. d4 Bd5 19. Nd2 f5
20. Bf4 Bf6 21. Be5 Bxe5 22. Rxe5 Rd7 23. Rc1 Rad8 24. Rce1 Kf8 25. b4 Bc6
26. Nb3 b6 27. b5 Bb7 28. Rd1 a6 29. f3 Bd5 30. Rb1 axb5 31. Kf2 Ra7 32. Nc1
Bc4 {White resigns} 0-1

[Event "ICC tourney 2753 (45 5)"]
[Site "Internet Chess Club"]
[Date "2021.12.04"]
[Round "4"]
[White "RAVIND G N, RICNESH:RickyCarlsen"]
[Black "DHURJATI, ANAGHA:amdink"]
[Result "1-0"]
[ICCResult "Black checkmated"]
[WhiteElo "1700"]
[BlackElo "1546"]
[Opening "Anderssen's opening"]
[ECO "A00"]
[NIC "VO.14"]
[Time "17:45:40"]
[PlyCount "97"]
[TimeControl "2700+5"]

1. a3 e5 2. c4 c6 3. d4 exd4 4. Qxd4 d5 5. Nc3 Nf6 6. Bg5 Be7 7. O-O-O Be6
8. e3 O-O 9. Nf3 Nbd7 10. h4 h6 11. Bd3 Nc5 12. Bc2 Nh7 13. Qf4 Qd6 14. Bxe7
Qxe7 15. cxd5 Bxd5 16. Qf5 Nf6 17. Rxd5 cxd5 18. Nxd5 Nb3+ 19. Kb1 Rfe8 20.
Nxe7+ Rxe7 21. Bxb3 a5 22. Ne5 a4 23. Bxf7+ Rxf7 24. Qe6 Rf8 25. Rc1 b5 26.
Nxf7 Re8 27. Rc8 Rxc8 28. Ne5+ Kh7 29. Qf5+ Kh8 30. Qxc8+ Kh7 31. Qf5+ Kh8
32. Nd7 Nxd7 33. Qxd7 Kh7 34. Kc2 Kh8 35. Kd3 Kh7 36. Ke4 b4 37. axb4 a3 38.
bxa3 h5 39. Kf5 Kh6 40. Qe6+ Kh7 41. Qg6+ Kg8 42. Ke6 Kh8 43. Ke7 Kg8 44.
Ke8 Kh8 45. Qxh5+ Kg8 46. Qf7+ Kh7 47. Kf8 Kh6 48. Qxg7+ Kh5 49. Qg5#
{Black checkmated}
1-0

[Event "ICC tourney 2753 (45 5)"]
[Site "Internet Chess Club"]
[Date "2021.12.04"]
[Round "4"]
[White "YANG, LEFAN:cutefelix"]
[Black "GU, MINGHAO:mancogu"]
[Result "1-0"]
[ICCResult "Black checkmated"]
[WhiteElo "1717"]
[BlackElo "1654"]
[Opening "Queen's bishop game"]
[ECO "D02"]
[NIC "QP.08"]
[Time "17:45:33"]
[PlyCount "79"]
[TimeControl "2700+5"]

1. d4 d5 2. Nf3 Nf6 3. Bf4 Bf5 4. c4 e6 5. Nc3 c6 6. e3 Be7 7. h3 h6 8. Qb3
Qb6 9. c5 Qxb3 10. axb3 Nbd7 11. Be2 O-O 12. b4 a6 13. O-O g5 14. Bh2 Bg6
15. Ra3 Ne4 16. Nxe4 dxe4 17. Nd2 f5 18. Rfa1 Rac8 19. Bc4 Bf7 20. Nb3 Bd8
21. Bd6 Re8 22. Na5 Bxa5 23. bxa5 Ra8 24. Rb3 Ra7 25. Ra4 e5 26. Bxf7+ Kxf7
27. Rab4 exd4 28. exd4 Ke6 29. Rxb7 Rea8 30. Kf1 Kd5 31. Rxa7 Rxa7 32. Rb4
f4 33. Ke2 Ke6 34. Kd2 Kd5 35. h4 Nf6 36. f3 e3+ 37. Kd3 Nh5 38. Rb8 Ng3 39.
Re8 Rb7 40. Re5# {Black checkmated} 1-0

[Event "ICC tourney 2753 (45 5)"]
[Site "Internet Chess Club"]
[Date "2021.12.04"]
[Round "4"]
[White "MAZUMDAR, SHAURYA:raremystery"]
[Black "QI, JENNY:eevee11"]
[Result "1-0"]
[ICCResult "Black forfeits on time"]
[WhiteElo "1682"]
[BlackElo "1318"]
[Opening "Giuoco Piano"]
[ECO "C50"]
[NIC "IG.02"]
[Time "17:45:40"]
[PlyCount "59"]
[TimeControl "2700+5"]

1. e4 e5 2. Nf3 Nc6 3. Bc4 Bc5 4. O-O Nf6 5. d3 O-O 6. c3 d5 7. exd5 Nxd5 8.
Re1 Re8 9. b4 Bf8 10. b5 Na5 11. Nxe5 Nxc4 12. Nxc4 Bd7 13. a4 c6 14. bxc6
Bxc6 15. Ne3 Nf4 16. d4 Rc8 17. Bd2 Nd3 18. Rf1 b5 19. axb5 Bxb5 20. c4 Bxc4
21. Nxc4 Rxc4 22. Be3 Nb4 23. Na3 Rc8 24. Qf3 Nc6 25. Nb5 Qd7 26. Rfb1 Rb8
27. Ra6 Nb4 28. Rxa7 Qxb5 29. Qxf7+ Kh8 30. Bh6 {Black forfeits on time} 1-0

[Event "ICC tourney 2753 (45 5)"]
[Site "Internet Chess Club"]
[Date "2021.12.04"]
[Round "4"]
[White "VALE CRUZ, ARMIN:trucker"]
[Black "CAREY, MICHAEL P:xyzchessdude"]
[Result "0-1"]
[ICCResult "White forfeits on time"]
[WhiteElo "1672"]
[BlackElo "1785"]
[Opening "Mieses opening"]
[ECO "A00"]
[NIC "VO.13"]
[Time "17:45:43"]
[PlyCount "64"]
[TimeControl "2700+5"]

1. d3 c5 2. g3 g6 3. Bg2 Bg7 4. c3 Nc6 5. Nf3 e5 6. O-O Nge7 7. Nbd2 d5 8.
e4 O-O 9. Re1 h6 10. Qc2 d4 11. Nb3 b6 12. Bd2 Be6 13. Rad1 Qd7 14. Qc1 Kh7
15. h4 Bg4 16. Qc2 Rac8 17. Bc1 f5 18. Nbd2 f4 19. Rf1 Rf7 20. Kh2 Rcf8 21.
Rde1 dxc3 22. bxc3 Rd8 23. Qb3 Be6 24. Qa4 Qxd3 25. Bb2 Qd7 26. Rd1 Qc7 27.
Nc4 Rff8 28. Ng1 g5 29. hxg5 hxg5 30. Nf3 Bf6 31. Rxd8 Rxd8 32. gxf4 gxf4
{White forfeits on time}
0-1

[Event "ICC tourney 2753 (45 5)"]
[Site "Internet Chess Club"]
[Date "2021.12.04"]
[Round "4"]
[White "FURMAN, MIKHAIL:mfurm"]
[Black "BRUDNO, STEPHEN:StevChess01"]
[Result "1-0"]
[ICCResult "Black resigns"]
[WhiteElo "1711"]
[BlackElo "1478"]
[Opening "Queen's pawn game, Darooha variation "]
[ECO "D02"]
[NIC "QP.06"]
[Time "17:45:37"]
[PlyCount "77"]
[TimeControl "2700+5"]

1. d4 Nf6 2. Nf3 d5 3. c4 e6 4. Bf4 Be7 5. Nbd2 O-O 6. c5 a5 7. Rc1 Nc6 8.
h3 Bd7 9. e3 b6 10. cxb6 cxb6 11. Bb5 Nb4 12. Bc7 Qe8 13. Bxd7 Nxd7 14. Nb1
Nxa2 15. Rc6 Nb4 16. Rc3 Na6 17. Ke2 Nxc7 18. Rxc7 Rc8 19. Qc2 Rxc7 20. Qxc7
Bd8 21. Qb7 Nf6 22. Nc3 Qd7 23. Qa6 Bc7 24. Rc1 Rb8 25. Nb5 Ne8 26. Nxc7
Nxc7 27. Qa7 Rc8 28. Qxb6 f6 29. Qxa5 Ne8 30. Rc5 Rb8 31. b4 Qb7 32. b5 Ra8
33. Qc3 Nd6 34. Qb3 Rb8 35. Nd2 Nxb5 36. Kd3 Qa6 37. Rxd5 Nxd4+ 38. Kxd4 Rb5
39. Rxb5 {Black resigns} 1-0

[Event "ICC tourney 2753 (45 5)"]
[Site "Internet Chess Club"]
[Date "2021.12.04"]
[Round "4"]
[White "MIRALAIE, MITCHELL:mmiralaie"]
[Black "YANG, ALEXANDER:K05-16917728"]
[Result "1-0"]
[ICCResult "Black checkmated"]
[WhiteElo "1476"]
[BlackElo "1660"]
[Opening "Sicilian: Scheveningen (Paulsen), classical variation"]
[ECO "B84"]
[NIC "SI.23"]
[Time "17:45:41"]
[PlyCount "111"]
[TimeControl "2700+5"]

1. e4 c5 2. Nf3 d6 3. d4 cxd4 4. Nxd4 Nf6 5. Nc3 a6 6. Be2 e6 7. Be3 Nbd7 8.
Qd2 b5 9. a3 Bb7 10. f3 Be7 11. O-O O-O 12. Rad1 Rc8 13. Rfe1 Qc7 14. Bg5
Rfe8 15. Bf1 Nb6 16. f4 h6 17. Bxf6 Bxf6 18. Kh1 Nc4 19. Bxc4 Qxc4 20. Rf1
Rcd8 21. Rf3 e5 22. Nf5 Bxe4 23. Nxe4 Qxe4 24. Nxd6 Rxd6 25. Qxd6 Rd8 26.
Qxd8+ Bxd8 27. Rxd8+ Kh7 28. h3 exf4 29. Rdd3 Qe1+ 30. Kh2 Qc1 31. Rd7 f6
32. Rc3 Qxb2 33. Rcc7 f5 34. c3 Qxa3 35. Rxg7+ Kh8 36. Rge7 Qxe7 37. Rxe7 a5
38. Kg1 b4 39. cxb4 axb4 40. Kf2 b3 41. Kf3 b2 42. Rb7 h5 43. Kxf4 h4 44.
Rxb2 Kg8 45. Rb7 Kf8 46. Kxf5 Ke8 47. Ke6 Kd8 48. Kd6 Ke8 49. Rd7 Kf8 50.
Re7 Kg8 51. Ke6 Kf8 52. Kf6 Kg8 53. Rf7 Kh8 54. Kg6 Kg8 55. Rf1 Kh8 56. Rf8#
{Black checkmated}
1-0

[Event "ICC tourney 2753 (45 5)"]
[Site "Internet Chess Club"]
[Date "2021.12.04"]
[Round "5"]
[White "DOBBS, CAMPBELL AUGUSTUS:campbelldobbs"]
[Black "HE, EDEN:edenhe"]
[Result "1-0"]
[ICCResult "Black checkmated"]
[WhiteElo "1680"]
[BlackElo "1480"]
[Opening "French: Wing gambit"]
[ECO "C00"]
[NIC "FR.01"]
[Time "20:01:31"]
[PlyCount "27"]
[TimeControl "2700+5"]

1. e4 e6 2. Nf3 d5 3. e5 c5 4. b4 Nc6 5. bxc5 Bxc5 6. d4 Bb6 7. c3 Nge7 8.
Bd3 Bd7 9. O-O O-O 10. Bxh7+ Kxh7 11. Ng5+ Kg6 12. Qg4 Qc8 13. Nxe6+ Kh7 14.
Qxg7# {Black checkmated} 1-0